SAA
TACOMA FUR TRADERS @ PROVIDENCE PILGRIMS
06/03/2042
 
TOP OF THE 1ST
Tacoma Fur Traders batting - Pitching for Providence Pilgrims : RHP John St. John
Pitching: RHP John St. John
Batting: LHB Sam Bickerton 0-0: Ball
1-0: DOUBLE (Line Drive, 3D, EV 110.0 MPH)
Batting: RHB Axel Chicote 0-0: Foul Ball, location: 2F
0-1: Ground out 4-3 (Groundball, 4, EV 91.2 MPH)
Sam Bickerton to third
Batting: LHB Sherman Hoffman 0-0: Called Strike
0-1: Ball
1-1: Ball
2-1: Ball
3-1: Foul Ball, location: 2F
3-2: Foul Ball, location: 2F
3-2: Base on Balls
Batting: LHB Cho-yun Yip 0-0: Ball
1-0: Fly out, F1 (Popup, P, EV 76.2 MPH)
Batting: LHB Jaako Haavisto 0-0: Foul Ball, location: 2F
0-1: Ball
1-1: Ball
2-1: 3-RUN HOME RUN (Flyball, 9LD, EV 106.9 MPH), Distance : 335 ft
Batting: RHB Félix Olvera 0-0: Ball
1-0: Called Strike
1-1: Fly out, F2 (Popup, 13S, EV 92.5 MPH)
Top of the 1st over - 3 runs, 2 hits, 0 errors, 0 left on base; Tacoma 3 - Providence 0
BOTTOM OF THE 1ST
Providence Pilgrims batting - Pitching for Tacoma Fur Traders : RHP José Espinosa
Pitching: RHP José Espinosa
Batting: LHB César Valtez 0-0: Ball
1-0: Ground out 1-3 (Groundball, 34S, EV 83.8 MPH)
Batting: RHB Carlos González 0-0: Called Strike
0-1: SINGLE (Flyball, 9LS, EV 98.1 MPH)
Batting: RHB Chris Hall 0-0: Called Strike
0-1: Fielders Choice at 2nd, 1-6 (Groundball, 13S, EV 69.4 MPH)
Batting: RHB Keith Lynn 0-0: Swinging Strike
0-1: Swinging Strike
0-2: Foul Ball, location: 2F
0-2: Ball
1-2: Strikes out swinging
Bottom of the 1st over - 0 runs, 1 hit, 0 errors, 1 left on base; Tacoma 3 - Providence 0
TOP OF THE 2ND
Tacoma Fur Traders batting - Pitching for Providence Pilgrims : RHP John St. John
Batting: RHB Jeroen Penning 0-0: Called Strike
0-1: Ball
1-1: SINGLE (Line Drive, 56, EV 98.1 MPH)
Batting: RHB Eduardo Sainz 0-0: Ball
1-0: Reached on error, E5 (Groundball, 56S, EV 78.1 MPH)
Jeroen Penning to second
Batting: RHB Ramón García 0-0: Ball
1-0: Fly out, F8 (Flyball, 8LS, EV 95.0 MPH)
Batting: LHB Sam Bickerton 0-0: Called Strike
0-1: Ball
1-1: Swinging Strike
1-2: Strikes out swinging
Batting: RHB Axel Chicote 0-0: SINGLE (Groundball, 6MD, EV 106.9 MPH)
Jeroen Penning to third
Eduardo Sainz to second
Runner from 3rd tries for Home, SAFE, throw by CF to home
Batting: LHB Sherman Hoffman 0-0: Ball
1-0: Swinging Strike
1-1: Foul Ball, location: 2F
1-2: Ball
2-2: Strikes out swinging
Top of the 2nd over - 1 run, 2 hits, 1 error, 2 left on base; Tacoma 4 - Providence 0
BOTTOM OF THE 2ND
Providence Pilgrims batting - Pitching for Tacoma Fur Traders : RHP José Espinosa
Batting: RHB Barend Huijbregts 0-0: Ball
1-0: Ball
2-0: SINGLE (Line Drive, 6MD, EV 96.2 MPH)
Batting: RHB Frank Ray 0-0: Ball
1-0: Ball
2-0: Called Strike
2-1: Grounds into double play, 4-6-3 (Groundball, 4, EV 83.8 MPH)
Batting: LHB David Davis 0-0: Called Strike
0-1: Ball
1-1: Foul Ball, location: 2F
1-2: Foul Ball, location: 2F
1-2: SINGLE (Line Drive, 8RS, EV 92.5 MPH)
Batting: RHB Jesse McCoy 0-0: Ball
1-0: Fly out, F8 (Line Drive, 8RM, EV 113.1 MPH)
Bottom of the 2nd over - 0 runs, 2 hits, 0 errors, 1 left on base; Tacoma 4 - Providence 0
TOP OF THE 3RD
Tacoma Fur Traders batting - Pitching for Providence Pilgrims : RHP John St. John
Batting: LHB Cho-yun Yip 0-0: Called Strike
0-1: Foul Ball, location: 2F
0-2: Foul Ball, location: 2F
0-2: Ball
1-2: Ball
2-2: Ground out 6-3 (Groundball, 6, EV 85.0 MPH)
Batting: LHB Jaako Haavisto 0-0: Called Strike
0-1: Ball
1-1: Ball
2-1: Ball
3-1: Foul Ball, location: 2F
3-2: Fly out, F7 (Flyball, 7S, EV 82.5 MPH)
Batting: RHB Félix Olvera 0-0: Ball
1-0: Ball
2-0: Fly out, F9 (Flyball, 89M, EV 86.2 MPH)
Top of the 3rd over - 0 runs, 0 hits, 0 errors, 0 left on base; Tacoma 4 - Providence 0
BOTTOM OF THE 3RD
Providence Pilgrims batting - Pitching for Tacoma Fur Traders : RHP José Espinosa
Batting: RHB Mario Ramírez 0-0: Ball
1-0: Ball
2-0: Called Strike
2-1: Ground out U3 (Groundball, 34, EV 100.0 MPH)
Batting: LHB César Valtez 0-0: Ball
1-0: Ball
2-0: Called Strike
2-1: SINGLE (Groundball, 34D, EV 101.2 MPH)
Batting: RHB Carlos González 0-0: Foul Ball, location: 2F
0-1: Foul Ball, location: 2F
0-2: SINGLE (Groundball, 34D, EV 97.5 MPH)
César Valtez to second
Runner from 2nd tries for 3rd, SAFE, throw by RF made to third
Batting: RHB Chris Hall 0-0: Ball
1-0: Ball
2-0: Foul Ball, location: 2F
2-1: Ball
3-1: Fly out, F8 (Flyball, 8LS, EV 89.4 MPH)
Batting: RHB Keith Lynn 0-0: Called Strike
0-1: Ground out 4-3 (Groundball, 4, EV 84.4 MPH)
Bottom of the 3rd over - 0 runs, 2 hits, 0 errors, 2 left on base; Tacoma 4 - Providence 0
TOP OF THE 4TH
Tacoma Fur Traders batting - Pitching for Providence Pilgrims : RHP John St. John
Batting: RHB Jeroen Penning 0-0: Foul Ball, location: 2F
0-1: Ball
1-1: SINGLE (Line Drive, 3D, EV 98.1 MPH)
Batting: RHB Eduardo Sainz 0-0: Fielders Choice at 2nd, 3-6 (Groundball, 34, EV 86.2 MPH)
Batting: RHB Ramón García 0-0: Ball
1-0: Called Strike
1-1: Ball
2-1: Ball
3-1: Foul Ball, location: 2F
3-2: Base on Balls
Eduardo Sainz to second
Batting: LHB Sam Bickerton 0-0: Called Strike
0-1: Foul Ball, location: 2F
0-2: Ball
1-2: Ball
2-2: Foul Ball, location: 2F
2-2: Fly out, F9 (Line Drive, 9, EV 105.6 MPH)
Batting: RHB Axel Chicote 0-0: Ball
1-0: Ball
2-0: Ball
3-0: Called Strike
3-1: Foul Ball, location: 2F
3-2: Ground out 6-3 (Groundball, 6M, EV 102.5 MPH)
Top of the 4th over - 0 runs, 1 hit, 0 errors, 2 left on base; Tacoma 4 - Providence 0
BOTTOM OF THE 4TH
Providence Pilgrims batting - Pitching for Tacoma Fur Traders : RHP José Espinosa
Batting: RHB Barend Huijbregts 0-0: Ball
1-0: Swinging Strike
1-1: Called Strike
1-2: Strikes out swinging
Batting: RHB Frank Ray 0-0: Ball
1-0: Foul Ball, location: 2F
1-1: Called Strike
1-2: Ball
2-2: Strikes out looking
Batting: LHB David Davis 0-0: Called Strike
0-1: Ball
1-1: Called Strike
1-2: Foul Ball, location: 2F
1-2: DOUBLE (Line Drive, 89D, EV 101.2 MPH)
Batting: RHB Jesse McCoy 0-0: Fly out, F8 (Flyball, 8RXD, EV 96.2 MPH)
Bottom of the 4th over - 0 runs, 1 hit, 0 errors, 1 left on base; Tacoma 4 - Providence 0
TOP OF THE 5TH
Tacoma Fur Traders batting - Pitching for Providence Pilgrims : RHP John St. John
Batting: LHB Sherman Hoffman 0-0: Called Strike
0-1: Called Strike
0-2: Ball
1-2: Ball
2-2: Ball
3-2: Foul Ball, location: 2F
3-2: Fly out, F9 (Flyball, 9, EV 88.1 MPH)
Batting: LHB Cho-yun Yip 0-0: TRIPLE (Line Drive, 8RXD, EV 104.4 MPH)
Batting: LHB Jaako Haavisto 0-0: Ball
1-0: Fly out, F9 (Line Drive, 9, EV 93.1 MPH)
Batting: RHB Félix Olvera 0-0: SINGLE (Groundball, 6, EV 77.5 MPH) (infield hit)
Cho-yun Yip scores
Pitching: RHP Ellis Gedge
Batting: RHB Jeroen Penning 0-0: Ball
Passed Ball!
Félix Olvera to second
1-0: Swinging Strike
1-1: Ball
2-1: Foul Ball, location: 2F
2-2: Ball
3-2: SINGLE (Flyball, 3D, EV 94.4 MPH)
Félix Olvera to third
Félix Olvera scores
Batting: RHB Eduardo Sainz 0-0: Called Strike
0-1: Ball
1-1: Fly out, F8 (Line Drive, 8LM, EV 90.6 MPH)
Top of the 5th over - 2 runs, 3 hits, 0 errors, 1 left on base; Tacoma 6 - Providence 0
BOTTOM OF THE 5TH
Providence Pilgrims batting - Pitching for Tacoma Fur Traders : RHP José Espinosa
Batting: RHB Mario Ramírez 0-0: Foul Ball, location: 2F
0-1: Reached on error, E6 (Groundball, 6, EV 88.8 MPH)
Batting: LHB César Valtez 0-0: Foul Ball, location: 2F
0-1: Ball
1-1: Swinging Strike
1-2: Ball
2-2: Ball
3-2: Foul Ball, location: 2F
3-2: Foul Ball, location: 2F
3-2: Fly out, F8 (Line Drive, 8RM, EV 96.9 MPH)
Batting: RHB Carlos González 0-0: Ball
1-0: Foul Ball, location: 2F
1-1: Swinging Strike
1-2: Foul Ball, location: 2F
1-2: Ball
2-2: SINGLE (Line Drive, 89S, EV 99.4 MPH)
Mario Ramírez to second
Batting: RHB Chris Hall 0-0: Ball
1-0: Called Strike
1-1: Fielders Choice at 2nd, 2-4 (Groundball, 15S, EV 67.5 MPH)
Mario Ramírez to third
Batting: RHB Keith Lynn 0-0: Ball
1-0: Called Strike
1-1: Fly out, F7 (Flyball, 7LDF, EV 98.8 MPH)
Bottom of the 5th over - 0 runs, 1 hit, 1 error, 2 left on base; Tacoma 6 - Providence 0
TOP OF THE 6TH
Tacoma Fur Traders batting - Pitching for Providence Pilgrims : RHP Ellis Gedge
Batting: RHB Ramón García 0-0: Ball
1-0: Called Strike
1-1: Foul Ball, location: 2F
1-2: SINGLE (Groundball, 6MD, EV 107.5 MPH)
Batting: LHB Sam Bickerton 0-0: Ball
1-0: Ball
2-0: Foul Ball, location: 2F
2-1: Ball
3-1: Base on Balls
Ramón García to second
Batting: RHB Axel Chicote 0-0: Foul Ball, location: 2F
0-1: Ball
1-1: Fly out, F8 (Flyball, 8LM, EV 94.4 MPH)
Batting: LHB Sherman Hoffman 0-0: Ball
1-0: Ball
2-0: Ball
3-0: Base on Balls
Ramón García to third
Sam Bickerton to second
Batting: LHB Cho-yun Yip 0-0: Called Strike
0-1: Called Strike
0-2: Ball
1-2: Ball
2-2: Strikes out looking
Batting: LHB Jaako Haavisto 0-0: Called Strike
0-1: Ball
1-1: Swinging Strike
1-2: SINGLE (Groundball, 56D, EV 96.2 MPH)
Ramón García scores
Sam Bickerton to third
Sherman Hoffman to second
Runner from 3rd tries for Home, SAFE, throw by LF to home
Batting: RHB Félix Olvera 0-0: Swinging Strike
0-1: Foul Ball, location: 2F
0-2: Hit by Pitch
Sherman Hoffman to third
Jaako Haavisto to second
Batting: RHB Jeroen Penning 0-0: Ball
1-0: Ball
2-0: Ball
3-0: Called Strike
3-1: Base on Balls
Sherman Hoffman scores
Jaako Haavisto to third
Félix Olvera to second
Batting: RHB Eduardo Sainz 0-0: Ball
1-0: Fly out, F9 (Flyball, 9S, EV 86.2 MPH)
Top of the 6th over - 3 runs, 2 hits, 0 errors, 3 left on base; Tacoma 9 - Providence 0
BOTTOM OF THE 6TH
Providence Pilgrims batting - Pitching for Tacoma Fur Traders : RHP José Espinosa
Batting: RHB Barend Huijbregts 0-0: Ball
1-0: Ground out 6-3 (Groundball, 6, EV 90.6 MPH)
Batting: RHB Frank Ray 0-0: Ball
1-0: Called Strike
1-1: Swinging Strike
1-2: Strikes out swinging
Batting: LHB David Davis 0-0: Ball
1-0: Swinging Strike
1-1: Ball
2-1: Foul Ball, location: 2F
2-2: Foul Ball, location: 2F
2-2: Ball
3-2: Strikes out looking
Bottom of the 6th over - 0 runs, 0 hits, 0 errors, 0 left on base; Tacoma 9 - Providence 0
TOP OF THE 7TH
Tacoma Fur Traders batting - Pitching for Providence Pilgrims : RHP Ellis Gedge
Batting: RHB Ramón García 0-0: Called Strike
0-1: Ball
1-1: Fly out, F8 (Line Drive, 8RM, EV 96.2 MPH)
Batting: LHB Sam Bickerton 0-0: Swinging Strike
0-1: Fly out, F1 (Popup, 15, EV 85.0 MPH)
Batting: RHB Axel Chicote 0-0: Ball
1-0: Ball
2-0: Ball
3-0: Base on Balls
Batting: LHB Sherman Hoffman 0-0: Ball
1-0: SINGLE (Line Drive, 8LS, EV 87.5 MPH)
Axel Chicote to second
Batting: LHB Cho-yun Yip 0-0: Ball
1-0: Called Strike
1-1: Fly out, F8 (Flyball, 8RS, EV 70.6 MPH)
Top of the 7th over - 0 runs, 1 hit, 0 errors, 2 left on base; Tacoma 9 - Providence 0
BOTTOM OF THE 7TH
Providence Pilgrims batting - Pitching for Tacoma Fur Traders : RHP José Espinosa
Batting: RHB Jesse McCoy 0-0: Foul Ball, location: 2F
0-1: Ground out 3-1 (Groundball, 34S, EV 67.5 MPH)
Batting: RHB Mario Ramírez 0-0: Called Strike
0-1: Reached on error, E6 (Groundball, 56, EV 114.4 MPH)
Batting: LHB César Valtez 0-0: Ball
1-0: Called Strike
1-1: Foul Ball, location: 2F
1-2: Fly out, F7 (Line Drive, 7, EV 109.4 MPH)
Batting: RHB Carlos González 0-0: Ball
1-0: Called Strike
1-1: Foul Ball, location: 2F
1-2: Ball
2-2: Foul Ball, location: 2F
2-2: Foul Ball, location: 2F
2-2: SINGLE (Groundball, 34D, EV 95.0 MPH)
Mario Ramírez to third
Runner from 3rd tries for Home, throw by RF and OUT! 9-2
Bottom of the 7th over - 0 runs, 1 hit, 1 error, 1 left on base; Tacoma 9 - Providence 0
TOP OF THE 8TH
Tacoma Fur Traders batting - Pitching for Providence Pilgrims : RHP Ellis Gedge
Batting: LHB Jaako Haavisto 0-0: Called Strike
0-1: Ball
1-1: Swinging Strike
1-2: Ball
2-2: Ball
3-2: Foul Ball, location: 2F
3-2: Ground out 6-3 (Groundball, 6, EV 88.1 MPH)
Batting: RHB Félix Olvera 0-0: Ball
1-0: Fly out, F9 (Flyball, 9LSF, EV 94.4 MPH)
Batting: RHB Jeroen Penning 0-0: Called Strike
0-1: Ball
1-1: Swinging Strike
1-2: Strikes out swinging
Top of the 8th over - 0 runs, 0 hits, 0 errors, 0 left on base; Tacoma 9 - Providence 0
BOTTOM OF THE 8TH
Providence Pilgrims batting - Pitching for Tacoma Fur Traders : RHP José Espinosa
Pitching: RHP Hang-fu Xiong
Batting: RHB Chris Hall 0-0: Ball
1-0: Ball
2-0: Ball
3-0: Base on Balls
Batting: RHB Keith Lynn 0-0: Called Strike
0-1: Foul Ball, location: 2F
0-2: Ball
1-2: Ball
2-2: Strikes out looking
Batting: RHB Barend Huijbregts 0-0: Swinging Strike
0-1: Called Strike
0-2: Foul Ball, location: 2F
0-2: Ball
Wild Pitch!
Chris Hall to second
1-2: Ball
2-2: Foul Ball, location: 2F
2-2: Ball
3-2: Strikes out swinging
Batting: RHB Frank Ray 0-0: Called Strike
0-1: Swinging Strike
0-2: Ball
1-2: Ball
2-2: Fly out, F9 (Flyball, 9S, EV 91.9 MPH)
Bottom of the 8th over - 0 runs, 0 hits, 0 errors, 1 left on base; Tacoma 9 - Providence 0
TOP OF THE 9TH
Tacoma Fur Traders batting - Pitching for Providence Pilgrims : RHP Ellis Gedge
Pitching: RHP Elvis King
Batting: RHB Eduardo Sainz 0-0: Fly out, F9 (Line Drive, 9, EV 86.2 MPH)
Batting: RHB Ramón García 0-0: Called Strike
0-1: SINGLE (Groundball, 56D, EV 101.9 MPH)
Batting: LHB Sam Bickerton 0-0: Foul Ball, location: 2F
0-1: Ball
1-1: Fly out, F7 (Flyball, 78S, EV 82.5 MPH)
Batting: RHB Axel Chicote 0-0: Called Strike
0-1: Ball
1-1: Foul Ball, location: 2F
1-2: Foul Ball, location: 2F
1-2: Strikes out looking
Top of the 9th over - 0 runs, 1 hit, 0 errors, 1 left on base; Tacoma 9 - Providence 0
BOTTOM OF THE 9TH
Providence Pilgrims batting - Pitching for Tacoma Fur Traders : RHP Hang-fu Xiong
Batting: LHB David Davis 0-0: Foul Ball, location: 2F
0-1: Called Strike
0-2: Ball
1-2: Ball
2-2: Strikes out swinging
Batting: RHB Jesse McCoy 0-0: Called Strike
0-1: Called Strike
0-2: Strikes out looking
Batting: RHB Mario Ramírez 0-0: Fly out, F8 (Flyball, 8RD, EV 105.0 MPH)
Bottom of the 9th over - 0 runs, 0 hits, 0 errors, 0 left on base; Tacoma 9 - Providence 0
Friday, March 26th, 2021 - OOTP Baseball 20.8 Build 74